 Dungeon Crawl Stone Soup version 0.23.2-1-ga50397a (webtiles) character file.

Game seed: 1109574670932924455

49 troglodite the Magician (level 3, 0/22 HPs)
             Began as an Octopode Wizard on May 28, 2019.
             Slain by a bat (1 damage)
             ... on level 1 of the Dungeon.
             The game lasted 00:09:35 (1863 turns).

troglodite the Magician (Octopode Wizard)           Turns: 1863, Time: 00:09:37

Health: 0/22       AC:  1    Str: 12    XL:     3   Next: 77%
Magic:  7/8        EV: 13    Int: 20    God:
Gold:   118        SH:  0    Dex: 11    Spells: 2/9 levels left

rFire    . . .     SeeInvis .   g - +0 dagger
rCold    . . .     Gourm    .   (no shield)
rNeg     . . .     Faith    .   a - +0 hat
rPois    .         Spirit   .   (no amulet)
rElec    .         Reflect  .   i - +6 ring of strength
rCorr    .         Harm     .   (no ring)
MR       .....                  (no ring)
Stlth    +++.......             (no ring)
HPRegen  0.07/turn              (no ring)
MPRegen  0.11/turn              (no ring)
                                (no ring)
                                (no ring)

@: no status effects
A: almost no armour, stealthy swim, amphibious, 8 rings, constrict 8, camouflage
1, gelatinous body 1
a: no special abilities


You were on level 1 of the Dungeon.
You were not hungry.

You visited 1 branch of the dungeon, and saw 2 of its levels.

You collected 118 gold pieces.

Inventory:

Hand Weapons
 g - a +0 dagger (weapon)
Missiles
 b - 78 stones (quivered)
Armour
 a - a +0 hat (worn)
Jewellery
 i - a +6 ring of strength (left tentacle)
Wands
 j - a wand of acid (8)
Scrolls
 f - a scroll of amnesia {unknown}
 k - a scroll of teleportation {unknown}
Potions
 d - a potion of curing {unknown}
 e - 2 potions of flight {unknown}
Comestibles
 c - 3 rations
 h - a chunk of flesh


   Skills:
 * Level 0.3 Fighting
 * Level 0.3 Short Blades
 * Level 2.1 Dodging
 * Level 2.8 Stealth
 * Level 3.7 Spellcasting
 * Level 1.5 Conjurations
 * Level 1.4 Summonings
 + Level 1.0 Translocations


You had 2 spell levels left.
You knew the following spells:

 Your Spells              Type           Power        Failure   Level  Hunger
a - Magic Dart            Conj           #...         7%          1    None
b - Call Imp              Summ           #.......     11%         2    ##.....
c - Blink                 Tloc           N/A          13%         2    ##.....
d - Slow                  Hex            #.......     19%         2    ##.....

Your spell library contained the following spells:

 Spells                   Type           Power        Failure   Level  Hunger
 Conjure Flame            Conj/Fire      #.......     28%         3    ###....
 Mephitic Cloud           Conj/Pois/Air  #.......     32%         3    ###....


Dungeon Overview and Level Annotations

Branches:
Dungeon (2/15)

Altars:


Innate Abilities, Weirdness & Mutations

You cannot wear most types of armour.
You are very stealthy in the water. (Stealth+)
You are amphibious.
You can wear up to eight rings at the same time.
You can use your tentacles to constrict eight enemies at once.
Your skin changes colour to match your surroundings (Stealth+).
Your rubbery body absorbs attacks. (AC +1, EV +1)


Message History

* * * LOW HITPOINT WARNING * * *
You release your grip on the hobgoblin.
The bat closely misses you. The bat hits you but does no damage.
The bat misses you. The bat closely misses you. The bat misses you.
The bat hits you.
* * * LOW HITPOINT WARNING * * *
The bat hits you but does no damage. The bat barely misses you.
The bat hits you but does no damage. The bat closely misses you.
The bat barely misses you.
You closely miss the bat. Your grab misses the bat.
The bat is moderately wounded.
The bat closely misses you.
You miss the bat. Your grab misses the bat.
The bat hits you but does no damage. The bat hits you.
You die...

####.### ###.......#..##### #.#
########.#.# ##.# ####### #.#.#
#..# #.....# #.#.# #.##
#>###.####.#.# ##### #.# #.#
#........####
....###.#######.###...........###
..............g.b...####.####....
.##.###.######..@.### #.####...#
......#.# ###...# ##.##......
###.#.#.# #...# #..........
###.#.#.## #...# #..##......
.........# #...# #..........
#..##.#..# #...# #.##...#...
......#..# #...# #.##...##.#
#..#.....#######...####.###.##...
......#..........................


You could see a hobgoblin and a bat.

Vanquished Creatures
  2 dart slugs (D:1)
  2 leopard geckos
  4 bats (D:1)
  2 giant cockroaches
  5 hobgoblins (D:1)
  2 jackals (D:1)
  2 frilled lizards
  3 goblins
  4 kobolds
  5 rats
31 creatures vanquished.

Vanquished Creatures (collateral kills)
  An adder (D:2)
  A worm (D:2)
2 creatures vanquished.

Vanquished Creatures (others)
  A jackal (D:1)
1 creature vanquished.

Grand Total: 34 creatures vanquished

Notes
Turn   | Place    | Note
-------+----------+-------------------------------------------
     0 | D:1      | troglodite the Octopode Wizard began the quest for the Orb.
     0 | D:1      | Reached XP level 1. HP: 11/11 MP: 4/4
   345 | D:1      | Reached XP level 2. HP: 17/17 MP: 3/6
   355 | D:1      | Learned a level 2 spell: Call Imp
   358 | D:1      | Learned a level 2 spell: Blink
   361 | D:1      | Learned a level 2 spell: Slow
   913 | D:1      | Reached XP level 3. HP: 21/21 MP: 1/8
  1844 | D:1      | HP: 1/22 [hobgoblin/+0 club (8)]
  1855 | D:1      | HP: 1/22 [bat (1)]
  1863 | D:1      | Slain by a bat

Action                   || total
-------------------------++-------
Melee: Unarmed           ||    20
       Constrict         ||    12
       Tentacles         ||     7
       Dagger            ||    31
 Cast: Magic Dart        ||    75
       Call Imp          ||     3
 Stab: Sleeping          ||     1
  Eat: Chunk             ||     3
Armor: Skin              ||    11
Dodge: Dodged            ||    67
